 Dungeon Crawl Stone Soup version 0.29-a0-334-gb41bcbb86e (webtiles) character file.

Game seed: 5106783419083176767

4 spaghetti the Sneak (level 1, 0/18 HPs)
             Began as a Djinni Brigand on Apr 13, 2022.
             Slain by a kobold
             ... wielding a +0 dagger
              (1 damage)
             ... on level 1 of the Dungeon.
             The game lasted 00:00:26 (110 turns).

spaghetti the Sneak (Djinni Brigand)                 Turns: 110, Time: 00:00:27

Health: 0/18       AC:  3    Str: 10    XL:     1   Next: 66%
Gold:   8          EV: 12    Int: 12    God:
                   SH:  0    Dex: 14

rFire   + + .      SeeInvis .   a - +2 dagger {short}
rCold   x . .      Faith    .   (no shield)
rNeg    . . .      Spirit   .   b - +0 robe
rPois   ∞          Reflect  .   (no helmet)
rElec   .          Harm     .   c - +0 cloak
rCorr   .          Rampage  .   (no gloves)
Will    .....                   (boots unavailable)
Stlth   ++........              (no amulet)
HPRegen 0.06/turn               (no ring)
MPRegen 0.00/turn               (no ring)

@: flying
A: sickness immunity, fire resistance 2, cold vulnerability 1, float, innate
caster, HP casting, extra vitality 1
a: no special abilities


You were on level 1 of the Dungeon.
You visited 1 branch of the dungeon, and saw 1 of its levels.

You collected 8 gold pieces.


Innate Abilities, Weirdness & Mutations

You are immune to sickness and miasma.
You are immune to poison.
Your flesh is very heat resistant. (rF++)
You are vulnerable to cold. (rC-)
You float through the air rather than walking.
You learn spells naturally, not from books.
Your magical power is your life essence.
You have superior vitality. (+4 MHP)


   Skills:
 - Level 2.0 Fighting
 - Level 1.7 Short Blades
 + Level 1.7 Throwing
 + Level 1.4 Dodging
 - Level 3.2 Stealth


You couldn't memorise any spells.
You didn't know any spells.
Your spell library was empty.

Inventory:

Hand Weapons
 a - a +2 dagger (weapon) {short}
Missiles
 d - 7 poisoned darts (quivered) {throwing}
 e - 2 curare-tipped darts {=fthrowing}
 f - 22 stones {throwing}
Armour
 b - a +0 robe (worn)
 c - a +0 cloak (worn)

Dungeon Overview and Level Annotations

Branches:
Dungeon (1/15)

Altars:

.##... .#... .#.!
###### ... .....
.. . .... .# [.
#.##)## ...
####..@K(#....
#.....bK......
###..(..........
###....(........^.
#.................
....!........##...
........†....# #..
########.########.
≈≈≈≈≈≈≈.≈≈≈≈≈≈≈#


You could see a bat and 2 kobolds.


Message History

😎 HP[+4]
Your hp is fully restored (18).
A kobold comes into view. It is wielding a +0 dagger.
A kobold is nearby!
A kobold is nearby!
A kobold is nearby!
A kobold is nearby!
A kobold comes into view. It is wielding a +0 dagger.
The kobold hits you with a +0 dagger.
You see here 15 gold pieces. 😕 HP[-1]
You take 1 damage, and now have 17/18 hp.
You barely miss the kobold.
The kobold shouts!
You hear a shout!
You hear an angry hiss.
A bat comes into view.
The kobold misses you.
You closely miss the kobold.
The kobold throws a stone.
The stone hits you but does no damage. The kobold hits you but does no damage.
You hit the kobold but do no damage. The kobold closely misses you.
A bat comes into view.
You closely miss the kobold. The kobold closely misses you.
A giant cockroach comes into view.
You barely miss the kobold.
The kobold throws a stone.
The stone hits you.
A kobold comes into view. It is wielding a +0 dagger.
The kobold hits you but does no damage. 😕 HP[-1]
You take 1 damage, and now have 16/18 hp.
You hit the kobold.
You kill the kobold!
The bat closely misses you.
You barely miss the bat. The bat barely misses you. The bat closely misses you.
The kobold throws a stone.
The stone barely misses you.
You hit the bat.
You kill the bat!
The bat hits you but does no damage.
You closely miss the bat. The bat hits you.
The giant cockroach closely misses you. The kobold closely misses you. 😕 HP[-1]
You take 1 damage, and now have 15/18 hp.
You hit the giant cockroach.
The giant cockroach bites you but does no damage.
The bat hits you but does no damage. 😕 HP[+1]
You barely miss the giant cockroach. The bat barely misses you.
The giant cockroach closely misses you.
The kobold hits you with a +0 dagger. 😮 HP[-3]
You take 3 damage, and now have 13/18 hp.
Unknown command.
You barely miss the giant cockroach. The bat misses you.
The bat hits you but does no damage.
The giant cockroach bites you but does no damage.
The kobold hits you but does no damage. x2
The giant cockroach barely misses you.
You hit the giant cockroach. The bat hits you but does no damage.
The kobold closely misses you. The kobold hits you with a +0 dagger.
The giant cockroach bites you. 😮 HP[-3]
You take 3 damage, and now have 10/18 hp.
You hit the giant cockroach but do no damage.
The bat misses you. The kobold hits you but does no damage.
The kobold hits you with a +0 dagger.
* * * LOW HITPOINT WARNING * * *
The giant cockroach bites you.
* * * LOW HITPOINT WARNING * * *
😨 HP[-3]
You take 3 damage, and now have 7/18 hp.
Unknown command.
You hit the giant cockroach but do no damage.
The bat completely misses you. The bat hits you but does no damage.
The kobold barely misses you. The kobold misses you.
The giant cockroach bites you.
* * * LOW HITPOINT WARNING * * *
😨 HP[-2]
You take 2 damage, and now have 5/18 hp.
Unknown command.
You hit the giant cockroach.
You kill the giant cockroach!
The bat closely misses you. The kobold hits you with a +0 dagger.
* * * LOW HITPOINT WARNING * * *
The kobold barely misses you. 😱 HP[-3]
You take 3 damage, and now have 2/18 hp.
You aren't carrying any potions.
You hit the kobold. The bat hits you but does no damage.
The kobold barely misses you. x2
You closely miss the kobold. The kobold hits you with a +0 dagger.
* * * LOW HITPOINT WARNING * * *
The kobold misses you. 😱 HP[-1]
You take 1 damage, and now have 1/18 hp.
You aren't carrying any scrolls.
You hit the kobold but do no damage. The bat hits you but does no damage.
The kobold barely misses you. The kobold closely misses you.
Throw: 3 darts (curare) {=fthrowing}
Press: ? - help, Shift-Dir - straight line, f - kobold
Aim: a kobold, wielding a +0 dagger (moderately wounded, 51% to hit)
You throw a curare-tipped dart {=fthrowing}.
The curare-tipped dart {=fthrowing} barely misses the kobold.
The bat barely misses you. The kobold hits you with a +0 dagger.
You die...

Action                   || total
-------------------------++-------
Melee: Dagger            ||    23
Throw: Dart              ||     3
Armor: Robe              ||    15
Dodge: Dodged            ||    28

Levels and vault maps discovered:
D:1:      dpeg_arrival_shrine, layout_rooms, serial_curves, eino_curves_03,
          eino_curves_02

Notes
Turn   | Place    | Note
-------+----------+-------------------------------------------
     0 | D:1      | spaghetti the Djinni Brigand began the quest for the Orb.
     0 | D:1      | Reached XP level 1. HP: 18/18 MP: 0/0
     0 | D:1      | magus.rc [v1.9.6]
   106 | D:1      | HP: 2/18 [kobold/+0 dagger (3)]
   110 | D:1      | Slain by a kobold

Vanquished Creatures
  A giant cockroach (D:1)
  A quokka (D:1)
  A bat (D:1)
  A kobold (D:1)
4 creatures vanquished.

Table legend:
 A = Non-vault XP
 B = Vault XP
 C = Vault XP percentage of total XP
 D = Non-vault monster count
 E = Vault monster count
 F = Vault count percentage of total count
                 A         B        C        D         E       F
            +---------+---------+-------+---------+---------+-------
      Total |       6 |       0 |   0.0 |       4 |       0 |   0.0
            +---------+---------+-------+---------+---------+-------
        D:1 |       6 |       0 |   0.0 |       4 |       0 |   0.0
            +---------+---------+-------+---------+---------+-------

Illustrated notes

Table legend:
 A = Kills in this place as a percentage of kills in entire the game.
 B = Kills by you in this place as a percentage of kills by you in the entire game.
 C = Kills by friends in this place as a percentage of kills by friends in the entire game.
 D = Other kills in this place as a percentage of other kills in the entire game.
 E = Experience gained in this place as a percentage of experience gained in the entire game.
 F = Experience gained in this place divided by the number of levels of this place that you have seen.
                   A       B       C       D       E      F
               +-------+-------+-------+-------+-------+----------------------
         Total | 100.0 | 100.0 |   N/A |   N/A | 100.0 |   6.0
       Dungeon | 100.0 | 100.0 |   N/A |   N/A | 100.0 |   6.0
               +-------+-------+-------+-------+-------+----------------------

Table legend: (Time is in decaauts)
 A = Elapsed time spent in this place.
 B = Non-inter-level travel time spent in this place.
 C = Inter-level travel time spent in this place.
 D = Time resting spent in this place.
 E = Time spent auto-exploring this place.
 F = Levels seen in this place.
 G = Mean time per level.
                   A        B        C        D        E       F      G
               +--------+--------+--------+--------+--------+-----+--------+
         Total |    108 |    108 |      0 |     63 |     13 |   1 |  108.0 |
       Dungeon |    108 |    108 |      0 |     63 |     13 |   1 |  108.0 |
               +--------+--------+--------+--------+--------+-----+--------+

Top non-repeatable levels by time:
     D:1: 108 daAuts
